Map: Heavy Artillery LE

Players

Ekelpack

  • Race: Zerg Zerg
  • Spawn Location: 7:00

Nyck

  • Race: Terran Terran
  • League: Silver
  • Spawn Location: 7:00

Palecasfalt - Winner!

  • Race: Terran Terran
  • League: Master
  • Spawn Location: 1:00

Radusek - Winner!

  • Race: Terran Terran
  • League: Diamond
  • Spawn Location: 3:00

VOD

Have the link to the VOD?

Description

Time

  • Played on: Nov. 8, 2024, 3:49 p.m.
  • Length: 10:22
Show
View Real Time Build Order
Export as new Build Order

Ekelpack Zerg 

Build Orders: Hatch First 

Get SALT Encoding   

  12  0:00  Drone  
  13  0:12  Overlord  
  13  0:17  Drone  
  14  0:31  Drone  
  15  0:45  Hatchery  
  15  0:48  Drone  
  15  1:05  Spawning Pool  
  15  1:06  Drone  
  15  1:09  Extractor  
  14  1:12  Drone  
  14  1:16  Drone  
  16  1:20  Drone  
  17  1:33  Drone  
  18  1:41  Drone  
  19  1:55  Queen  
  19  2:00  Queen  
  23  2:03  Drone  
  24  2:10  Overlord  
  24  2:15  Drone  
  25  2:19  Drone x2  
  25  2:21  Drone  
  28  2:31  Zergling x2, Metabolic Boost  
  28  2:34  Zergling x4  
  31  2:43  Queen  
  33  2:47  Queen  
  35  2:55  Spine Crawler  
  34  3:10  Drone x3  
  36  3:15  Overlord  
  36  3:16  Extractor  
  32  3:40  Drone x2  
  32  3:41  Drone  
  35  4:00  Zergling x2  
  35  4:01  Zergling x12  
  35  4:02  Zergling x4  
  44  4:03  Lair  
  41  4:41  Drone x3  
  41  4:44  Extractor  
  41  4:45  Extractor  
  42  4:51  Drone x2  
  44  4:52  Overlord  
  44  4:53  Overlord  
  44  5:08  Spire  
  44  5:13  Drone x2  
  45  5:24  Zergling x12  
  45  5:25  Zergling x2  
  52  5:30  Hatchery  
  51  5:57  Overlord x3  
  51  6:00  Drone x2  
  51  6:03  Drone x3  
  56  6:21  Mutalisk x2  
  56  6:22  Mutalisk x2  
  61  6:58  Mutalisk x2  
  61  6:59  Mutalisk x4  
  73  7:19  Mutalisk x3  
  76  7:30  Zergling x4  
  68  7:49  Zergling x6  
  68  7:50  Zergling x8  
  75  8:03  Zergling x10  
  75  8:04  Zergling x2  
  80  8:11  Mutalisk x2  
  83  8:13  Overlord x2  
  80  8:25  Zergling x4  
  67  8:37  Zergling x6  
  67  8:38  Zergling x6  
  73  8:50  Hatchery  
  72  9:02  Mutalisk x3  
  72  9:03  Mutalisk  
  80  9:15  Mutalisk x2  
  80  9:16  Mutalisk x4  
  61  9:54  Zergling x6  
  61  9:55  Zergling x6  
Show
View Real Time Build Order
Export as new Build Order

Nyck Terran 

Build Orders: 2 Factory 

Get SALT Encoding   

  12  0:00  SCV  
  13  0:12  SCV  
  14  0:19  Supply Depot  
  14  0:25  SCV  
  15  0:42  Barracks  
  15  0:44  SCV  
  15  0:48  Refinery  
  16  0:53  Refinery  
  16  0:56  SCV  
  17  1:08  SCV  
  18  1:20  SCV  
  19  1:29  Reaper  
  19  1:31  Supply Depot  
  19  1:32  SCV  
  21  1:45  Orbital Command  
  21  1:56  Factory  
  21  2:10  Barracks Reactor  
  21  2:12  SCV  
  22  2:26  Command Center  
  21  2:41  Hellion  
  21  2:44  SCV  
  24  2:47  Reaper x2  
  24  3:14  Hellion  
  26  3:26  Factory  
  26  3:33  Reaper x2  
  26  3:36  Hellion  
  19  3:57  Hellion  
  10  4:29  SCV  
  9  4:41  SCV  
  10  4:53  SCV  
  11  5:17  Barracks Tech Lab  
  11  5:23  SCV  
  12  5:31  Cyclone x2, Factory Reactor  
  17  5:35  SCV  
  17  5:53  Command Center  
  17  5:56  SCV  
  17  6:22  SCV  
  6  6:39  SCV  
  6  7:09  Hellion x3  
  6  7:10  Hellion  
  6  7:12  SCV  
  15  7:24  SCV  
  9  8:12  SCV  
  10  8:13  Marine  
  10  8:16  Hellion x2  
  13  8:24  SCV  
  13  8:27  Hellion x2  
  18  8:31  Marine  
  19  8:37  SCV  
  20  8:43  Command Center  
  20  8:49  Marine  
  20  8:50  SCV  
  22  8:57  Hellion x2  
  22  8:59  Hellion x2  
  30  9:04  SCV  
  31  9:24  Supply Depot  
  31  9:45  SCV, Marauder  
  34  9:47  Supply Depot  
  34  9:56  Orbital Command  
  34  9:57  SCV  
  35  10:01  Hellion x2  
Show
View Real Time Build Order
Export as new Build Order

Palecasfalt Terran - Winner!

Build Orders:  

Get SALT Encoding   

  12  0:00  SCV  
  13  0:13  SCV  
  14  0:17  Supply Depot  
  14  0:25  SCV  
  15  0:38  SCV  
  15  0:40  Barracks  
  16  0:43  Refinery  
  16  0:50  SCV  
  17  0:58  Barracks  
  17  1:03  SCV  
  18  1:14  Barracks  
  18  1:22  Refinery  
  18  1:27  Reaper  
  19  1:36  Supply Depot  
  19  1:45  Reaper  
  20  1:57  Orbital Command  
  20  2:01  Reaper  
  21  2:07  Reaper  
  22  2:20  Reaper  
  23  2:24  SCV  
  24  2:39  Command Center  
  24  2:52  Factory  
  24  3:04  Reaper  
  25  3:14  Barracks Tech Lab  
  25  3:16  SCV  
  25  3:17  Supply Depot  
  26  3:23  Reaper  
  27  3:28  SCV  
  29  3:52  Orbital Command  
  29  3:56  SCV  
  28  4:03  Starport, Stimpack  
  28  4:17  Marine  
  28  4:20  Factory Reactor, Barracks Reactor  
  28  4:23  SCV x2  
  31  4:28  Marine  
  27  4:35  SCV x2, Marine  
  30  4:46  Marine  
  30  4:47  SCV x2  
  33  4:52  Marine  
  33  4:57  Command Center  
  33  4:59  SCV, Marine x2  
  37  5:03  Medivac x2  
  37  5:04  Marine  
  37  5:06  Widow Mine  
  44  5:10  Marine  
  44  5:12  SCV  
  44  5:13  SCV  
  47  5:17  Marine x2  
  47  5:19  Supply Depot  
  49  5:22  Marine  
  50  5:29  Engineering Bay  
  50  5:30  SCV, Engineering Bay  
  50  5:31  SCV  
  50  5:33  Marine  
  50  5:35  Marine  
  54  5:47  Combat Shield  
  54  5:48  Marine, Barracks Reactor  
  55  5:50  SCV x2  
  55  5:51  Marine  
  55  5:52  Marine  
  59  6:02  SCV  
  60  6:05  Factory Tech Lab  
  60  6:13  Supply Depot, Marine x3  
  60  6:14  Medivac x2  
  66  6:31  Marine  
  65  6:36  Marine x4  
  65  6:37  Widow Mine  
  67  6:49  Marine  
  67  6:51  Missile Turret  
  67  6:52  Terran Infantry Armor Level 1  
  67  6:53  Missile Turret  
  58  6:57  Missile Turret  
  58  6:59  Widow Mine  
  58  7:00  Marine  
  58  7:01  Marine x3  
  60  7:03  SCV x2  
  60  7:06  Terran Infantry Weapons Level 1  
  64  7:08  Missile Turret  
  64  7:09  Supply Depot, Missile Turret  
  64  7:15  SCV x2  
  66  7:19  Refinery  
  66  7:20  Refinery  
  65  7:25  Barracks  
  65  7:27  Orbital Command, SCV, Barracks  
  65  7:29  SCV  
  66  7:57  Missile Turret  
  65  7:59  Marine  
  65  8:00  Marine x4  
  70  8:08  Widow Mine  
  72  8:17  Marine, Missile Turret  
  72  8:18  Marine x2  
  72  8:23  Marine x2  
  62  8:30  Widow Mine  
  62  8:34  Barracks Reactor  
  62  8:35  Marine x3, Barracks Reactor  
  62  8:38  Armory  
  62  8:39  Missile Turret  
  62  8:41  Marine x2, Factory, Medivac x2  
  66  8:43  Factory  
  66  8:44  SCV, Barracks  
  66  8:45  Barracks  
  66  8:46  SCV  
  73  8:51  Widow Mine  
  73  8:52  Supply Depot  
  75  8:57  SCV x2  
  75  8:58  SCV  
  78  9:09  SCV x2  
  80  9:10  SCV  
  80  9:12  Widow Mine, Sensor Tower  
  83  9:21  SCV x2  
  83  9:22  SCV  
  86  9:30  Orbital Command  
  69  9:54  Bunker  
  69  9:56  Missile Turret  
  69  9:57  Missile Turret  
  69  9:58  SCV, Bunker  
  69  9:59  SCV x2  
  72  10:10  Factory Tech Lab  
  72  10:12  Factory Tech Lab  
  75  10:15  Barracks Reactor x2  
  75  10:20  Command Center  
Show
View Real Time Build Order
Export as new Build Order

Radusek Terran - Winner!

Build Orders:  

Get SALT Encoding   

  12  0:00  SCV  
  13  0:12  SCV  
  14  0:17  Supply Depot  
  14  0:24  SCV  
  15  0:39  SCV  
  15  0:42  Barracks  
  16  0:46  Refinery  
  16  0:51  SCV  
  17  1:03  SCV  
  18  1:13  Barracks  
  18  1:16  SCV  
  19  1:26  Barracks  
  19  1:27  Refinery  
  19  1:28  SCV  
  19  1:32  Reaper  
  21  1:44  Orbital Command  
  21  1:56  Supply Depot  
  21  2:02  Reaper  
  21  2:07  Reaper  
  23  2:17  SCV  
  23  2:21  Supply Depot  
  24  2:23  Reaper  
  25  2:33  SCV  
  25  2:35  Reaper  
  27  2:39  Reaper  
  28  2:47  SCV  
  29  3:16  Command Center  
  29  3:18  Barracks Tech Lab  
  29  3:19  Barracks Tech Lab, Barracks Reactor  
  29  3:56  Combat Shield, Stimpack  
  29  3:58  Marine x4  
  29  4:01  Factory  
  33  4:16  SCV  
  34  4:28  SCV  
  35  4:35  Marine x3  
  32  4:39  Orbital Command, Engineering Bay x2  
  32  4:46  Factory Reactor  
  32  4:47  SCV, Starport  
  33  4:56  Marine x4  
  37  5:05  SCV x2  
  39  5:13  Terran Infantry Weapons Level 1, Terran Infantry Armor Level 1  
  39  5:14  Marine x4  
  39  5:18  SCV x2  
  45  5:21  Supply Depot  
  45  5:31  Medivac  
  45  5:35  Medivac  
  49  5:37  SCV x2  
  51  5:46  Factory Tech Lab  
  51  5:49  SCV x2  
  53  5:52  Marine x2  
  53  5:53  Marine x2  
  53  5:54  Command Center  
  57  6:14  SCV x2, Marine x3  
  62  6:20  Siege Tank, Marine  
  62  6:21  Supply Depot x2  
  62  6:23  Armory  
  66  6:32  Marine x3  
  68  6:35  SCV  
  68  6:37  Refinery  
  68  6:38  Refinery  
  70  6:42  SCV  
  71  6:47  Supply Depot  
  71  6:50  Marine x4  
  75  7:01  Missile Turret  
  75  7:03  Missile Turret  
  75  7:08  Marine  
  71  7:16  Marine x3  
  74  7:26  Marine  
  65  7:44  Orbital Command  
  65  7:48  Terran Infantry Weapons Level 2  
  65  7:49  Terran Infantry Armor Level 2  
  65  7:54  Barracks  
  65  7:55  Barracks  
  65  7:56  Supply Depot  
  65  7:59  SCV  
  65  8:00  SCV  
  67  8:09  Marine x4  
  67  8:10  Siege Tank  
  67  8:12  SCV x2  
  76  8:21  SCV  
  76  8:24  SCV x2  
  79  8:27  Marine x4  
  79  8:33  SCV, Missile Turret  
  84  8:36  SCV  
  84  8:38  SCV  
  86  8:45  SCV, Marine x3  
  86  8:48  SCV  
  91  8:50  SCV  
  91  8:52  Barracks Reactor x2  
  91  8:54  Supply Depot  
  92  8:57  SCV  
  92  8:59  Medivac x2  
  92  9:01  Marine  
  98  9:03  Marine x2  
  98  9:08  Supply Depot  
  100  9:13  Marine  
  100  9:14  Command Center  
  101  9:19  Marine  
  101  9:20  Marine  
  101  9:21  Marine  
  104  9:25  Siege Tank  
  107  9:31  Marine  
  107  9:37  Marine  
  109  9:41  Marine x6  
  109  9:45  Missile Turret  
  115  9:47  Medivac x2  
  115  9:49  Supply Depot, Marine  
  115  9:50  Supply Depot  
  120  9:54  Marine  
  120  9:59  Marine x3  
Tags
 
Add a new tag
Caveats
  • Supply blocks, unpowered buildings, or Contaminate may cause inaccurate times.
  • Supply counts are checked every 10 seconds.